 Dungeon Sprint DCSS version 0.30-a0-881-g1ff12e1e11 (webtiles) character file.

Game seed: 7104829303883153492

19875 rocky1 the Black Belt (level 12, -11/152 HPs)
             Began as a Red Draconian Transmuter on Mar 15, 2023.
             Was the Champion of Sif Muna.
             Mangled by a tengu reaver simulacrum (24 damage)
             ... animated by a necromancer
             ... in the Dungeon (Sprint IX: "|||||||||||||||||||||||||||||").
             The game lasted 00:17:05 (2945 turns).

rocky1 the Black Belt (Red Draconian Transmuter)    Turns: 2945, Time: 00:17:06

Health: -11/152    AC: 29    Str: 16    XL:     12   Next: 40%
Magic:  27/28      EV: 19    Int: 17    God:    Sif Muna [******]
Gold:   201        SH:  0    Dex: 13    Spells: 6/35 levels left

rFire   + . .      SeeInvis .      - Unarmed
rCold   . . .      Faith    .    (no shield)
rNeg    + . .      Spirit   .    (body armour unavailable)
rPois   ∞          Reflect  .    D - +0 hat {Will+}
rElec   +          Rampage  .    K - +1 cloak
rCorr   .          NoTele   +    J - melded +1 pair of gloves
Will    +....                    l - melded +0 pair of boots
Stlth   +                        (no amulet)
HPRegen 0.45/turn                m - +2 ring of evasion
MPRegen 0.21/turn                n - +3 ring of strength

@: statue-form, slowed, studying Long Blades, very slow
A: slow and powerful, torment resistance 1, boosted hp, (breathe fire), AC +8,
unfitting armour, fire resistance 1, cold-blooded
a: End Transformation, Renounce Religion, Channel Magic, Forget Spell, Divine
Exegesis


You were in the Dungeon.
You worshipped Sif Muna.
Sif Muna was exalted by your worship.
You were a living statue of rough stone.
You visited 1 branch You collected 1871 gold pieces.
You spent 1670 gold pieces at shops.

Inventory:

Hand Weapons
 o - a +4 quarterstaff of speed
 w - a +0 double sword of freezing
Missiles
 x - 5 javelins
 y - a throwing net
Armour
 l - a +0 pair of boots (melded)
 D - a +0 hat of willpower (worn)
 I - the +5 Storm Queen's Shield {shock, Fly rElec}
   (You found it in the Dungeon)

   Shock:     When it blocks an attack, it may electrocute the attacker.
   This works even against foes who are a short distance away.
   rElec:     It insulates you from electricity.
   Fly:       It grants you flight.
 J - a +1 pair of gloves (melded)
 K - a +1 cloak (worn)
Magical Staves
 C - a staff of cold
Jewellery
 m - a +2 ring of evasion (left fist)
 n - a +3 ring of strength (right fist)
 q - a ring of flight
 E - a ring of poison resistance
 F - a ring of willpower
 G - a ring of fire
 H - a ring of protection from fire
Scrolls
 d - 3 scrolls of fear
 g - 7 scrolls of blinking
 i - 8 scrolls of amnesia
 k - a scroll of fog
 r - a scroll of immolation
 s - 5 scrolls of enchant weapon
 t - 4 scrolls of identify
 v - 2 scrolls of poison
 B - a scroll of vulnerability
Potions
 a - a potion of lignification
 b - 10 potions of curing
 c - a potion of invisibility
 e - 4 potions of magic
 f - a potion of berserk rage
 h - 6 potions of heal wounds
 j - a potion of brilliance
 p - 2 potions of might
 z - a potion of cancellation {unknown}
 A - a potion of haste


   Skills:
 + Level 14.2 Fighting
 + Level 12.0 Dodging
 * Level 18.2 Unarmed Combat
 + Level 12.0 Spellcasting
 + Level 2.4 Conjurations
 + Level 11.6 Transmutations
 - Level 4.1 Ice Magic
 + Level 7.6 Air Magic
 + Level 7.5 Invocations


You had 6 spell levels left.
You knew the following spells:

 Your Spells              Type           Power      Damage    Failure   Level
a - Beastly Appendage     Tmut           98%        N/A       1%          1
b - Wereblood             Tmut           49%        N/A       1%          2
c - Spider Form           Tmut/Pois      30%        N/A       1%          3
d - Ice Form              Ice/Tmut       37%        N/A       2%          4
e - Maxwell's Capacitive  Air            18%        ∞         100%        8
f - Lightning Bolt        Conj/Air       13%        1d27      24%         5
g - Statue Form           Tmut/Erth      20%        N/A       67%         6

Your spell library contained the following spells:

 Spells                   Type           Power      Damage    Failure   Level
 Freeze                   Ice            96%        1d10      1%          1
 Passwall                 Tmut/Erth      25%        N/A       1%          2
 Blade Hands              Tmut           24%        N/A       1%          5
 Magic Dart               Conj           72%        1d6       2%          1
 Poisonous Vapours        Pois/Air       46%        N/A       2%          2
 Cigotuvi's Dreadful Rot  Necr/Pois/Air  36%        N/A       3%          2
 Ozocubu's Armour         Ice            24%        N/A       3%          3
 Ignite Poison            Fire/Tmut/Pois 23%        N/A       4%          3
 Hailstorm                Conj/Ice       21%        3d6       5%          3
 Necrotise                Necr           40%        1d6       7%          1
 Sublimation of Blood     Necr           10%        N/A       11%         2
 Summon Lightning Spire   Summ/Air       23%        N/A       14%         4
 Portal Projectile        Hex/Tloc       20%        N/A       21%         3
 Tukima's Dance           Hex            10%        N/A       21%         3
 Vampiric Draining        Necr           10%        2d6       21%         3
 Summon Ice Beast         Ice/Summ       17%        N/A       30%         4
 Fulminant Prism          Conj/Hex       7%         3d6       38%         4
 Silence                  Hex/Air        11%        N/A       38%         5
 Cause Fear               Hex            5%         N/A       56%         4
 Passage of Golubria      Tloc           10%        N/A       56%         4
 Eringya's Noxious Bog    Tmut/Pois      15%        N/A       67%         6
 Lee's Rapid Deconstruct  Erth           5%         3d6*      88%         5
 Summon Mana Viper        Hex/Summ       10%        N/A       88%         5
 Iron Shot                Conj/Erth      7%         9d2       100%        6
 Enfeeble                 Hex            5%         N/A       100%        7
 Borgnjor's Revivificati  Necr           5%         N/A       100%        8
 Lehudib's Crystal Spear  Conj/Erth      7%         10d3      100%        8
 Death's Door             Necr           5%         N/A       100%        9


Dungeon Overview and Level Annotations

Branches:
Dungeon (1/1)

Altars:
Cheibriados
Dithmenos
Elyvilon
Fedhas
Gozag
Hepliaklqana
Kikubaaqudgha
Makhleb
Nemelex Xobeh
Okawaru
Qazlal
Ru
Sif Muna
Trog
Uskayaw
Vehumet
Wu Jian
Xom
Yredelemnul
Zin
The Shining One
Jiyva
Lugonu

Shops:
D ?(*


Innate Abilities, Weirdness & Mutations

You are a living statue of rough stone.
Your actions are slow, but your melee attacks are powerful.
You are resistant to unholy torment.
Your maximum health is greatly increased.
You are immune to poison.
Your equipment is partially melded.
((You can breathe blasts of fire.))
((Your fiery red scales are hard. (AC +8)))
You cannot fit into any form of body armour.
Your flesh is heat resistant. (rF+)
You are cold-blooded and may be slowed by cold attacks.


Message History

You beat the tengu reaver into a bloody pulp!!!
You kill the tengu reaver!
Sif Muna accepts your kill.
A freezing mist starts to gather...
A tengu reaver simulacrum comes into view.
The cyclops throws a large rock.
The large rock barely misses you.
The large rock hits the tengu reaver simulacrum!!
Your Dodging skill increases to level 12!
Your Spellcasting skill increases to level 12!
Your Conjurations skill increases to level 2!
Unknown command.
You closely miss the tengu reaver simulacrum.
You tail-slap the tengu reaver simulacrum.
The tengu reaver simulacrum is heavily damaged.
The boulder beetle leaps! x2
You punch the tengu reaver simulacrum!
Your tail-slap misses the tengu reaver simulacrum.
The tengu reaver simulacrum is heavily damaged.
The tengu reaver simulacrum closely misses you. x2
The tengu reaver simulacrum claws you but does no damage.
You hit the tengu reaver simulacrum.
You tail-slap the tengu reaver simulacrum.
The tengu reaver simulacrum is severely damaged.
The cyclops closely misses you.
A rakshasa comes into view. It is wielding a +0 long sword.
The tengu reaver simulacrum closely misses you. x2
The tengu reaver simulacrum claws you but does no damage.
You punch the tengu reaver simulacrum!
Your punch misses the tengu reaver simulacrum.
The tengu reaver simulacrum is almost destroyed.
The ettin's soul is no longer bound.
The cyclops hits you. The tengu reaver simulacrum hits you.
The tengu reaver simulacrum freezes you!!!
You feel yourself slow down.
* * * LOW HITPOINT WARNING * * *
The tengu reaver simulacrum pecks you but does no damage.
The tengu reaver simulacrum claws you.
* * * LOW HITPOINT WARNING * * *
The tengu reaver simulacrum freezes you!!
You die...

.[[[...'...)......†††........†'..
▓▓▓▓▓▓▓▓▓▓▓▓▓▓▓▓▓▓▓▓▓▓▓▓▓▓▓▓▓▓▓▓▓
....................[............
▓▓▓▓▓▓▓▓▓▓▓▓▓▓▓▓▓▓▓▓▓▓▓▓▓▓▓▓▓▓▓▓▓
...'.....∩.∩.∩.∩)))))).......))))
▓▓▓▓▓▓▓▓▓▓▓▓▓▓▓▓▓▓▓▓▓▓▓▓▓▓▓▓▓▓▓▓▓
.................................
▓▓▓▓▓▓▓▓▓▓▓▓▓▓▓▓▓▓▓▓▓▓▓▓▓▓▓▓▓▓▓▓▓
,,,+,,,,,°R.CpHC8Z):..........[[[
*********▓▓▓▓▓▓▓▓▓▓▓▓▓▓▓▓▓▓▓▓▓▓▓▓
,,,,,,,,,,,,,,,,,,,,,,,,,,,,,,,,,
*********************************
,,,,,,+,,,,,,,,,+,,,,~~~,,+,,,,,,
*********************************
,,,,,,,,,,,,,,,,,,,,,,,,,,,,,,,,,
*********************************
,,,+,,,,,,,,,,,,,,,,,,,,,+,,,,,,,


You could see an ettin, a rakshasa, a manticore (soul bound), a cyclops (soul
bound), a necromancer and a tengu reaver simulacrum.

Vanquished Creatures
  Gastronok (D)
  A tengu reaver (D)
  Harold (D)
  2 boulder beetles (D)
  A two-headed ogre (D)
  Erica (D)
  Urug (D)
  6 orc high priests (D)
  A skeletal warrior (D)
  8 orc knights (D)
  A black mamba (D)
  A gargoyle (D)
  2 cane toads (D)
  An unseen horror (D)
  A freezing wraith (D)
  2 kobold demonologists (D)
  An efreet (D)
  A komodo dragon (D)
  A troll (D)
  A meliai (D)
  A wraith (D)
  A yak (D)
  2 basilisks (D)
  A vampire mosquito (D)
  An acid dragon (D)
  A hell hound (D)
  A warg (D)
  5 water moccasins (D)
  11 orc warriors (D)
  A black bear (D)
  8 wolves (D)
  A centaur (D)
  A phantom (D)
  2 bullfrogs (D)
  4 orc priests (D)
  A hell rat (D)
  4 orc wizards (D)
  An adder (D)
  A worm (D)
  7 orcs (D)
  An endoplasm (D)
  A giant cockroach (D)
  2 jackals (D)
  A kobold (D)
  A quokka (D)
96 creatures vanquished.

Notes
Turn   | Place    | Note
-------+----------+-------------------------------------------
     0 | D        | rocky1 the Draconian Transmuter began the quest for the
                  | Orb.
     0 | D        | Reached XP level 1. HP: 16/16 MP: 3/3
   176 | D        | Noticed a phantom
   183 | D        | Killed a phantom
   184 | D        | Reached skill level 5 in Unarmed Combat
   184 | D        | Reached XP level 2. HP: 10/27 MP: 3/6
   184 | D        | Reached XP level 3. HP: 13/33 MP: 3/7
   184 | D        | Reached XP level 4. HP: 15/40 MP: 3/9
   501 | D        | Found a snail-covered altar of Cheibriados.
   501 | D        | Found a shadowy altar of Dithmenos.
   501 | D        | Found a white marble altar of Elyvilon.
   501 | D        | Found a blossoming altar of Fedhas.
   501 | D        | Found an opulent altar of Gozag.
   502 | D        | Found a hazy altar of Hepliaklqana.
   503 | D        | Found a viscous altar of Jiyva.
   504 | D        | Found an ancient bone altar of Kikubaaqudgha.
   505 | D        | Found a corrupted altar of Lugonu.
   506 | D        | Found a burning altar of Makhleb.
   507 | D        | Found a sparkling altar of Nemelex Xobeh.
   508 | D        | Found an iron altar of Okawaru.
   509 | D        | Found a stormy altar of Qazlal.
   510 | D        | Found a sacrificial altar of Ru.
   511 | D        | Found a shimmering blue altar of Sif Muna.
   512 | D        | Found a bloodstained altar of Trog.
   513 | D        | Found a hide-covered altar of Uskayaw.
   514 | D        | Found a radiant altar of Vehumet.
   515 | D        | Found an ornate altar of the Wu Jian Council.
   516 | D        | Found a shimmering altar of Xom.
   517 | D        | Found a basalt altar of Yredelemnul.
   518 | D        | Found a glowing silver altar of Zin.
   519 | D        | Became a worshipper of Sif Muna the Loreminder
   520 | D        | Found a glowing golden altar of the Shining One.
   571 | D        | Learned a level 2 spell: Wereblood
   575 | D        | Learned a level 3 spell: Spider Form
   580 | D        | Learned a level 4 spell: Ice Form
   588 | D        | Noticed an acid dragon
   588 | D        | Noticed a troll
   588 | D        | Noticed a two-headed ogre
   588 | D        | Noticed a kobold demonologist
   588 | D        | Noticed a gargoyle
   588 | D        | Noticed a centaur
   593 | D        | Killed a centaur
   594 | D        | Reached skill level 6 in Unarmed Combat
   594 | D        | Reached XP level 5. HP: 24/47 MP: 4/11
   594 | D        | HP: 2/47 [gargoyle/stone arrow (22)]
   597 | D        | Killed a kobold demonologist
   597 | D        | Killed a troll
   597 | D        | Reached * piety under Sif Muna
   597 | D        | Killed an acid dragon
   598 | D        | Reached skill level 10 in Unarmed Combat
   598 | D        | Reached XP level 6. HP: 23/60 MP: 5/15
   598 | D        | Your scales start taking on a fiery red colour.
   598 | D        | Reached XP level 7. HP: 25/66 MP: 5/16
   598 | D        | Gained mutation: Your flesh is heat resistant. (rF+) [Red
                  | Draconian growth]
   598 | D        | Killed a gargoyle
   599 | D        | Reached XP level 8. HP: 32/74 MP: 5/18
   599 | D        | Killed a two-headed ogre
   599 | D        | Reached ** piety under Sif Muna
   600 | D        | Reached skill level 11 in Unarmed Combat
   935 | D        | Noticed a kobold demonologist
   935 | D        | Noticed a meliai
   935 | D        | Noticed a boulder beetle
   937 | D        | Killed a meliai
   938 | D        | Reached skill level 12 in Unarmed Combat
   939 | D        | Reached XP level 9. HP: 83/83 MP: 20/20
   939 | D        | Killed a kobold demonologist
   946 | D        | Killed an unseen horror
   946 | D        | Reached *** piety under Sif Muna
   952 | D        | Killed a boulder beetle
   953 | D        | Reached skill level 10 in Fighting
   953 | D        | Reached skill level 13 in Unarmed Combat
  1362 | D        | Reached **** piety under Sif Muna
  1365 | D        | Reached skill level 1 in Ice Magic
  1366 | D        | Noticed a komodo dragon
  1379 | D        | Reached skill level 10 in Transmutations
  1379 | D        | Reached XP level 10. HP: 94/94 MP: 18/23
  1380 | D        | Reached ***** piety under Sif Muna
  1386 | D        | Reached skill level 14 in Unarmed Combat
  1442 | D        | Noticed a cane toad
  1442 | D        | Noticed a boulder beetle
  1444 | D        | Noticed a cane toad
  1446 | D        | Received a gift from Sif Muna
  1449 | D        | Noticed a black mamba
  1458 | D        | Killed a boulder beetle
  1461 | D        | Killed a cane toad
  1466 | D        | Killed a cane toad
  1471 | D        | Killed a black mamba
  1474 | D        | Got Sif Muna's Elucidation of Infection and the Wyrd {god
                  | gift}
  1590 | D        | Reached skill level 15 in Unarmed Combat
  1596 | D        | Received a gift from Sif Muna
  1610 | D        | Got Sif Muna's Parchment of the Sky and Injury {god gift}
  1634 | D        | Learned a level 8 spell: Maxwell's Capacitive Coupling
  1707 | D        | Noticed Urug
  1714 | D        | Killed Urug
  1715 | D        | Reached skill level 10 in Dodging
  1715 | D        | Reached skill level 10 in Spellcasting
  1715 | D        | Reached skill level 1 in Air Magic
  1738 | D        | Noticed Harold
  1751 | D        | Killed Harold
  1751 | D        | Reached ****** piety under Sif Muna
  1752 | D        | Reached XP level 11. HP: 85/104 MP: 25/25
  1849 | D        | Received a gift from Sif Muna
  1879 | D        | Received a gift from Sif Muna
  1892 | D        | Got Duipaas's Compendium of Bedrock {god gift}
  1904 | D        | Got Sasesivaq's Omnibus of Ceraunoscopy and the Winter {god
                  | gift}
  2076 | D        | Learned a level 5 spell: Lightning Bolt
  2106 | D        | Reached skill level 1 in Invocations
  2115 | D        | Received a gift from Sif Muna
  2123 | D        | Reached skill level 16 in Unarmed Combat
  2259 | D        | Learned a level 6 spell: Statue Form
  2266 | D        | Found Bekeneda's Magic Scroll Boutique.
  2266 | D        | Noticed an orc knight
  2266 | D        | Noticed an orc high priest
  2266 | D        | Noticed an orc knight
  2266 | D        | Noticed an orc high priest
  2266 | D        | Noticed an orc knight
  2266 | D        | Noticed an orc high priest
  2280 | D        | Killed an orc knight
  2280 | D        | Noticed an orc knight
  2288 | D        | Killed an orc high priest
  2288 | D        | Received a gift from Sif Muna
  2289 | D        | Found Jomuzxia's General Store.
  2290 | D        | Noticed a soul eater
  2291 | D        | Noticed an orc knight
  2295 | D        | Killed an orc knight
  2297 | D        | Killed an orc high priest
  2298 | D        | Noticed an orc knight
  2305 | D        | Killed an orc knight
  2306 | D        | Reached skill level 5 in Air Magic
  2306 | D        | Found Ryriz's Weapon Boutique.
  2309 | D        | Killed an orc high priest
  2310 | D        | Noticed an orc knight
  2316 | D        | Killed an orc knight
  2319 | D        | Killed an orc knight
  2320 | D        | Reached skill level 5 in Invocations
  2320 | D        | Noticed an orc high priest
  2321 | D        | Noticed an orc high priest
  2382 | D        | Killed an orc knight
  2383 | D        | Reached skill level 17 in Unarmed Combat
  2591 | D        | Noticed a sixfirhy
  2597 | D        | Killed an orc high priest
  2643 | D        | Got Sif Muna's Handbook of the Doomed Spider {god gift}
  2650 | D        | Noticed an orc high priest
  2654 | D        | Killed an orc high priest
  2654 | D        | Received a gift from Sif Muna
  2661 | D        | Killed an orc knight
  2664 | D        | Killed an orc high priest
  2665 | D        | Reached XP level 12. HP: 115/116 MP: 22/27
  2665 | D        | Found Fynayh's Magic Scroll Shop.
  2696 | D        | Bought a scroll of magic mapping for 82 gold pieces
  2703 | D        | Bought 2 scrolls of fear for 96 gold pieces
  2703 | D        | Bought a scroll of blinking for 90 gold pieces
  2703 | D        | Bought a scroll of blinking for 90 gold pieces
  2703 | D        | Bought a scroll of immolation for 48 gold pieces
  2703 | D        | Bought a scroll of blinking for 90 gold pieces
  2703 | D        | Bought a scroll of enchant weapon for 90 gold pieces
  2703 | D        | Bought a scroll of blinking for 90 gold pieces
  2705 | D        | Bought a potion of haste for 130 gold pieces
  2705 | D        | Bought a scroll of enchant weapon for 97 gold pieces
  2709 | D        | Bought a scroll of amnesia for 44 gold pieces
  2709 | D        | Bought a scroll of amnesia for 44 gold pieces
  2709 | D        | Bought a scroll of amnesia for 44 gold pieces
  2709 | D        | Bought a scroll of amnesia for 44 gold pieces
  2709 | D        | Bought a scroll of enchant weapon for 82 gold pieces
  2709 | D        | Bought a scroll of vulnerability for 44 gold pieces
  2709 | D        | Bought a scroll of amnesia for 44 gold pieces
  2713 | D        | Bought a staff of cold for 325 gold pieces
  2715 | D        | Bought a scroll of poison for 48 gold pieces
  2715 | D        | Bought a scroll of amnesia for 48 gold pieces
  2767 | D        | Noticed Gastronok
  2780 | D        | Killed Gastronok
  2789 | D        | Noticed Erica
  2796 | D        | Killed Erica
  2848 | D        | Found the +5 Storm Queen's Shield {shock, Fly rElec}
  2920 | D        | Received a gift from Sif Muna
  2921 | D        | Noticed a boulder beetle
  2923 | D        | Reached skill level 1 in Conjurations
  2926 | D        | Reached skill level 18 in Unarmed Combat
  2930 | D        | Noticed a tengu reaver
  2933 | D        | Noticed an ettin
  2941 | D        | Killed a tengu reaver
  2944 | D        | Noticed a rakshasa
  2945 | D        | Mangled by a tengu reaver simulacrum

Illustrated notes

Levels and vault maps discovered:
D:        linesprint [early_d, line_temple, items_1, d_10, items_2, lair_1,
          lair_end, items_3, orc_1, orc_end, items_4, d_15, swamp_1, shoals_1,
          snake_1, spider_1, d_20, vaults_1, items_5, swamp_end, shoals_end,
          snake_end, spider_end, vaults_end, d_27, items_6, zot_1, zot_end,
          crypt_end, forest_end, elf_end, slime_end, tomb_end, abyss_end,
          pan_hell_end]

Skill      XL: |  1  2  3  4  5  6  7  8  9 10 11 12 |
---------------+-------------------------------------+-----
Dodging        | 3 4 6 7 9 10 11 12 | 12.0
Fighting       | 3 4 7 8 9 10 12 13 14 | 14.2
Unarmed Combat | 5 6 10 12 13 15 17 18 | 18.2
Spellcasting   | 3 4 6 7 9 10 11 12 | 12.0
Transmutations | 3 4 7 8 10 11 | 11.6
Ice Magic      | 1 4 |  4.1
Air Magic      | 2 6 7 |  7.6
Invocations    | 6 7 |  7.5
Conjurations   | 2 |  2.4

Action                     |  1- 3 |  4- 6 |  7- 9 | 10-12 || total
---------------------------+-------+-------+-------+-------++-------
  Melee: Unarmed           |    29 |    19 |    21 |   203 ||   272
         Kick              |     6 |     2 |       |       ||     8
         Tailslap          |     3 |     1 |       |    13 ||    17
         Punch             |     2 |     1 |       |    10 ||    13
         Headbutt          |     2 |       |       |       ||     2
         Quarterstaff      |       |       |       |     6 ||     6
   Cast: Beastly Appendage |     3 |     1 |       |       ||     4
         Wereblood         |       |     1 |     2 |     7 ||    10
         Spider Form       |       |     1 |     1 |     2 ||     4
         Ice Form          |       |       |     2 |     9 ||    11
         Statue Form       |       |       |       |     2 ||     2
 Invoke: Divine Exegesis   |       |       |       |     1 ||     1
Ability: Breathe Fire      |       |       |     2 |     2 ||     4
  Evoke: Wand              |       |     3 |     7 |       ||    10
    Use: Potion            |     1 |     1 |       |     4 ||     6
         Scroll            |       |       |       |     3 ||     3
 Armour: Skin              |     7 |     1 |    15 |    31 ||    54
  Dodge: Dodged            |    10 |    18 |    12 |    92 ||   132

Table legend: (Time is in decaauts)
 A = Elapsed time spent in this place.
 B = Non-inter-level travel time spent in this place.
 C = Inter-level travel time spent in this place.
 D = Time resting spent in this place.
 E = Time spent auto-exploring this place.
 F = Levels seen in this place.
 G = Mean time per level.
                   A        B        C        D        E       F      G
               +--------+--------+--------+--------+--------+-----+--------+
         Total |   2902 |   2902 |      0 |   1701 |      0 |   1 | 2902.0 |
       Dungeon |   2902 |   2902 |      0 |   1701 |      0 |   1 | 2902.0 |
               +--------+--------+--------+--------+--------+-----+--------+

Top non-repeatable levels by time:
       D: 2902 daAuts
